 Dungeon Crawl Stone Soup version 0.21-a0-404-g291f19a (webtiles) character file.

10007 tof the Cleaver (level 11, -11/100 HPs)
             Began as a Minotaur Berserker on Oct 29, 2017.
             Was a High Priest of Trog.
             Mangled by an alligator simulacrum (14 damage)
             ... in an ice cave.
             The game lasted 00:28:58 (10480 turns).

tof the Cleaver (Minotaur Berserker)               Turns: 10480, Time: 00:28:59

Health: -11/100    AC: 16    Str: 23    XL:     11   Next: 30%
Magic:  9/10       EV: 12    Int:  6    God:    Trog [*****.]
Gold:   769        SH:  0    Dex: 10    Spells: 10/10 levels left

rFire    + . .     SeeInvis .   b - +0 war axe "Zieczeci" {pain, *Contam +Blink rPois rF+} (curse)
rCold    . . .     Gourm    .   (no shield)
rNeg     . . .     Faith    +   M - +4 chain mail
rPois    +         Spirit   .   v - +1 hat
rElec    +         Reflect  .   (no cloak)
rCorr    .         Harm     .   h - +0 pair of gloves
MR       .....                  (no boots)
Stlth    ..........             B - amulet of faith
HPRegen  0.26/turn              y - ring of poison resistance
MPRegen  0.12/turn              (no ring)

@: no status effects
A: retaliatory headbutt, horns 2, slimy green scales 1, clever 1, deformed body,
electricity resistance, weak 1, wild magic 1, evolution 1
a: Berserk, Trog's Hand, Brothers in Arms, Burn Spellbooks, Renounce Religion,
Evoke Blink


You were in an ice cave.
You worshipped Trog.
Trog was extremely pleased with you.
You were not hungry.

You visited 1 branch of the dungeon, and saw 11 of its levels.
You also visited: Ice Cave.

You collected 769 gold pieces.

Inventory:

Hand Weapons
 b - the cursed +0 war axe "Zieczeci" (weapon) {pain, *Contam +Blink rPois rF+}
   (You found it on level 8 of the Dungeon)

   In the hands of one skilled in necromantic magic, it inflicts extra damage on
   living creatures.
   It protects you from fire.
   It protects you from poison.
   It lets you blink.
   It causes magical contamination when unequipped.
   It has a curse placed upon it.
 A - a +0 war axe
 C - the +0 scimitar of Wuteul {freeze, Dex+10}
   (You found it on level 6 of the Dungeon)

   It has been specially enchanted to freeze those struck by it, causing extra
   injury to most foes and up to half again as much damage against particularly
   susceptible opponents.
   It can also slow down cold-blooded creatures.
   It affects your dexterity (+10).
Missiles
 m - 6 javelins of returning (quivered)
Armour
 h - a +0 pair of gloves (worn)
 v - a +1 hat (worn)
 M - a +4 chain mail (worn)
Jewellery
 r - an uncursed ring of see invisible
 u - a +3 amulet of reflection
 y - a ring of poison resistance (left hand)
 B - an amulet of faith (around neck)
 P - an uncursed amulet of guardian spirit {unknown}
Wands
 q - a wand of disintegration (16/24)
 x - a wand of polymorph (15/24)
 D - a wand of acid (5/15)
 I - a wand of paralysis (15/24)
 L - a wand of flame (14/48)
 Q - a wand of acid (6/15)
Scrolls
 e - 6 scrolls of teleportation
 f - 2 scrolls of fog
 g - 4 scrolls of enchant armour
 o - 2 scrolls of blinking
 p - 7 scrolls of remove curse
 t - 2 scrolls of magic mapping
 G - 2 scrolls of recharging
 H - a scroll of silence
Potions
 d - a potion of cancellation {unknown}
 n - a potion of flight
 s - a potion of berserk rage {unknown}
 w - 2 potions of haste
 E - 5 potions of curing {unknown}
 F - a potion of degeneration {unknown}
 J - a potion of brilliance
 K - a potion of might
 O - a potion of heal wounds {unknown}
Books
 i - a book of Death

   Spells                             Type                      Level
   a - Corpse Rot                     Necromancy                   2
   b - Sublimation of Blood           Necromancy                   2
   c - Agony                          Necromancy                   5
   d - Dispel Undead                  Necromancy                   5
   e - Excruciating Wounds            Charms/Necromancy            5
   f - Bolt of Draining               Conjuration/Necromancy       5
   Trog disapproves of the use of such an item.
 j - a book of Necromancy

   Spells                             Type                      Level
   a - Pain                           Necromancy                   1
   b - Animate Skeleton               Necromancy                   1
   c - Vampiric Draining              Necromancy                   3
   d - Regeneration                   Charms/Necromancy            3
   e - Animate Dead                   Necromancy                   4
   f - Control Undead                 Necromancy                   4
   Trog disapproves of the use of such an item.
 N - a book of Power

   Spells                             Type                      Level
   a - Iskenderun's Battlesphere      Conjuration/Charms           5
   b - Venom Bolt                     Conjuration/Poison           5
   c - Bolt of Magma                  Conjuration/Fire/Earth       5
   d - Iron Shot                      Conjuration/Earth            6
   e - Orb of Destruction             Conjuration                  7
   f - Spellforged Servitor           Conjuration/Summoning        7
   Trog disapproves of the use of such an item.
 R - a book of Air

   Spells                             Type                      Level
   a - Shock                          Conjuration/Air              1
   b - Swiftness                      Charms/Air                   2
   c - Static Discharge               Conjuration/Air              3
   d - Airstrike                      Air                          4
   e - Lightning Bolt                 Conjuration/Air              5
   Trog disapproves of the use of such an item.
 S - a book of Maledictions

   Spells                             Type                      Level
   a - Corona                         Hexes                        1
   b - Ensorcelled Hibernation        Hexes/Ice                    2
   c - Confuse                        Hexes                        3
   d - Tukima's Dance                 Hexes                        3
   e - Dazzling Spray                 Conjuration/Hexes            3
   Trog disapproves of the use of such an item.
 U - a book of Changes

   Spells                             Type                      Level
   a - Beastly Appendage              Transmutation                1
   b - Sticks to Snakes               Transmutation                2
   c - Spider Form                    Transmutation/Poison         3
   d - Ice Form                       Ice/Transmutation            4
   e - Blade Hands                    Transmutation                5
   Trog disapproves of the use of such an item.
Comestibles
 c - 5 bread rations
 k - 5 fruits
 l - 5 meat rations
 z - 3 royal jellies


   Skills:
 + Level 10.2 Fighting
 * Level 13.5 Axes
 + Level 9.9 Armour
 + Level 9.0 Dodging


You had 10 spell levels left.
You didn't know any spells.

Dungeon Overview and Level Annotations

Branches:
Dungeon (11/15)            Temple (0/1) D:4            Lair (0/6) D:10
    Orc: D:9-12

Altars:
Cheibriados
Qazlal
Trog
Zin
The Shining One


Innate Abilities, Weirdness & Mutations

You reflexively headbutt those who attack you in melee.
You have a pair of horns on your head.
You are partially covered in slimy green scales. (AC +2)
Your mind is acute. (Int +2)
Armour fits poorly on your strangely shaped body.
You are resistant to electric shocks. (rElec)
You are weak. (Str -2)
Your spells are a little harder to cast, but a little more powerful.
You evolve.


Message History

The alligator simulacrum bites you. The alligator simulacrum freezes you!
The alligator simulacrum tail-slaps you but does no damage.
The polar bear simulacrum bites you but does no damage.
The polar bear simulacrum misses you.
The polar bear simulacrum claws you but does no damage.
You slash the polar bear simulacrum!
The polar bear simulacrum vapourises!
Trog accepts your kill.
You slash the alligator simulacrum!
The alligator simulacrum bites you but does no damage.
The alligator simulacrum tail-slaps you but does no damage.
You slash the death yak simulacrum!
The death yak simulacrum is moderately damaged.
You slash the alligator simulacrum! The alligator simulacrum bites you!
The alligator simulacrum freezes you!!
The alligator simulacrum tail-slaps you.
The alligator simulacrum freezes you!!
* * * LOW HITPOINT WARNING * * *
You blink.
You feel slightly more hungry. The alligator simulacrum bites you!
You die...

#####
##...##
##..∩..##
#...Z§..#
#..@Z§..#
##.....##
##...##
#...#
##...
#...#
...##
..##


You could see an alligator simulacrum and a death yak simulacrum.

Vanquished Creatures
  2 two-headed ogres
  A gargoyle (D:10)
  Psyche (D:8)
  A polar bear (D:11)
  A hornet (D:10)
  3 hippogriffs
  Sigmund (D:2)
  9 yaks
  2 wyverns
  A water moccasin (D:9)
  2 hell hounds (D:10)
  2 orc warriors (D:9)
  7 sky beasts
  A black bear (D:7)
  11 ice beasts
  A wolf (D:11)
  2 phantoms
  6 ogres
  4 centaurs
  2 big kobolds (D:8)
  A wyvern zombie (D:10)
  A gnoll sergeant (D:8)
  6 bullfrogs
  A hornet simulacrum (D:11)
  A water moccasin skeleton (D:6)
  A howler monkey (D:5)
  3 jellies
  2 bullfrog zombies
  A centaur zombie (D:8)
  2 hounds (D:8)
  4 orc priests
  A gnoll shaman (D:8)
  A bullfrog skeleton (D:4)
  10 orc wizards
  9 worker ants
  A polar bear simulacrum (IceCv)
  A wolf simulacrum (IceCv)
  A killer bee zombie (D:9)
  2 hound zombies
  A howler monkey zombie (D:6)
  9 gnolls
  10 adders
  2 shadow imps
  An ooze (D:3)
  2 adder zombies
  An adder skeleton (D:4)
  A dart slug (D:2)
  3 leopard geckos
  47 orcs
  A bat (D:3)
  5 giant cockroaches
  5 goblins
  9 hobgoblins
  12 jackals
  4 quokkas
  5 frilled lizards
  19 kobolds
  A quokka zombie (D:8)
  5 rats
252 creatures vanquished.

Vanquished Creatures (others)
  An orc wizard (D:9)
1 creature vanquished.

Grand Total: 253 creatures vanquished

Notes
Turn   | Place    | Note
-------+----------+-------------------------------------------
     0 | D:1      | tof the Minotaur Berserker began the quest for the Orb.
     0 | D:1      | Reached XP level 1. HP: 19/19 MP: 0/0
   793 | D:2      | Reached XP level 2. HP: 27/27 MP: 1/1
   847 | D:2      | Noticed Sigmund
   859 | D:2      | Killed Sigmund
   859 | D:2      | Reached skill level 5 in Axes
   859 | D:2      | Reached XP level 3. HP: 20/34 MP: 2/2
   859 | D:2      | Reached XP level 4. HP: 24/41 MP: 3/3
   859 | D:2      | Reached XP level 5. HP: 27/47 MP: 4/4
  1067 | D:2      | Found a glowing golden altar of the Shining One.
  1091 | D:2      | Reached ** piety under Trog
  2438 | D:3      | Reached XP level 6. HP: 55/55 MP: 5/5
  2524 | D:4      | Reached skill level 5 in Fighting
  2524 | D:4      | Reached skill level 6 in Axes
  3134 | D:4      | Found a stormy altar of Qazlal.
  3148 | D:4      | Reached *** piety under Trog
  3211 | D:4      | Found a bloodstained altar of Trog.
  3253 | D:4      | Found a staircase to the Ecumenical Temple.
  3402 | D:4      | Reached XP level 7. HP: 61/61 MP: 6/6
  3690 | D:4      | Reached skill level 7 in Axes
  4033 | D:5      | Entered Level 5 of the Dungeon
  4063 | D:5      | Reached skill level 5 in Armour
  4926 | D:6      | Reached skill level 8 in Axes
  4926 | D:6      | Reached skill level 5 in Dodging
  4926 | D:6      | Reached XP level 8. HP: 68/70 MP: 7/7
  5073 | D:6      | Gained mutation: You are clumsy. (Dex -2) [mutagenic meat]
  5074 | D:6      | Gained mutation: You possess an exceptional clarity of mind. [mutagenic meat]
  5075 | D:6      | Gained mutation: You evolve. [mutagenic meat]
  5076 | D:6      | Lost mutation: You are clumsy. (Dex -2) [mutagenic meat]
  5331 | D:6      | Reached **** piety under Trog
  5342 | D:6      | Got a warped scimitar
  5370 | D:6      | Identified the cursed +0 scimitar of Wuteul {freeze, Dex+10} (You found it on level 6 of the Dungeon)
  5488 | D:6      | Noticed an angel
  5489 | D:6      | Found a glowing silver altar of Zin.
  5583 | D:7      | Reached skill level 9 in Axes
  5900 | D:7      | Noticed a two-headed ogre
  5911 | D:7      | Reached XP level 9. HP: 79/79 MP: 8/8
  5913 | D:7      | Killed a two-headed ogre
  5913 | D:7      | Reached skill level 10 in Axes
  6028 | D:7      | Found a snail-covered altar of Cheibriados.
  6594 | D:8      | Got an ivory war axe
  6595 | D:8      | Identified the cursed +0 war axe "Zieczeci" {pain, *Contam +Blink rPois rF+} (You found it on level 8 of the Dungeon)
  6650 | D:8      | Found a snail-covered altar of Cheibriados.
  6651 | D:8      | Noticed Psyche
  6662 | D:8      | Killed Psyche
  6662 | D:8      | Reached skill level 11 in Axes
  6911 | D:8      | Reached ***** piety under Trog
  7118 | D:8      | Reached XP level 10. HP: 89/90 MP: 9/9
  7316 | D:8      | Gained mutation: Armour fits poorly on your strangely shaped body. [mutagenic meat]
  7317 | D:8      | Gained mutation: You are partially covered in slimy green scales. (AC +2) [mutagenic meat]
  7318 | D:8      | Lost mutation: You possess an exceptional clarity of mind. [mutagenic meat]
  7320 | D:8      | Gained mutation: You are weak. (Str -2) [mutagenic meat]
  7321 | D:8      | Gained mutation: Your mind is acute. (Int +2) [mutagenic meat]
  7556 | D:9      | Received a gift from Trog
  7605 | D:9      | Gained mutation: Your spells are a little harder to cast, but a little more powerful. [evolution]
  7620 | D:8      | Reached skill level 12 in Axes
  8390 | D:9      | Received a gift from Trog
  8441 | D:9      | Gained mutation: You are resistant to electric shocks. (rElec) [mutagenic meat]
  8847 | D:10     | Entered Level 10 of the Dungeon
  9021 | D:10     | Noticed a two-headed ogre
  9032 | D:10     | Killed a two-headed ogre
  9409 | D:10     | Noticed a gargoyle
  9423 | D:10     | Killed a gargoyle
  9423 | D:10     | Reached XP level 11. HP: 72/99 MP: 10/10
  9582 | D:10     | Found a staircase to the Lair.
  9596 | D:10     | Reached skill level 13 in Axes
  9943 | D:10     | Reached skill level 10 in Fighting
 10093 | D:11     | Found a frozen archway.
 10470 | IceCv    | Entered an ice cave
 10476 | IceCv    | Received a gift from Trog
 10479 | IceCv    | HP: 2/100 [alligator simulacrum (33)]
 10480 | IceCv    | Mangled by an alligator simulacrum

Vault maps used:
D:1:      elethiomel_arrival_infinity_welcomes_careful_drivers,
          supply_closet_lemuel
D:2:      tso_altar, uniq_sigmund
D:4:      grunt_qazlal_clouds, lightli_temple_of_fire, lemuel_temple_firewalk_a,
          serial_forest, infiniplex_forest_lined_3_way, infiniplex_forest_end_2,
          infiniplex_forest_clump_curved, infiniplex_forest_corner_1,
          infiniplex_forest_clump_tiny, first_bread,
          hangedman_abyss_or_decor_stabs
D:5:      eino_tiny_chamber
D:6:      zin_angel
D:7:      basic_altar
D:8:      kennysheep_housing_project, lemuel_crystal_altar, uniq_psyche
D:10:     minmay_lair_entry_lava
D:11:     orc_0_dummy, serial_ice, serial_ice_l, serial_ice_g, serial_ice_b,
          serial_ice_h, serial_ice_a, serial_ice_f, serial_ice_e, serial_ice_m,
          portal_ice_cave_entry_ice_beasts, serial_shops, shop, enter_trove_2,
          hangedman_misty_isle
IceCv:    ice_cave_small_necro

Skill      XL: |  1  2  3  4  5  6  7  8  9 10 11 |
---------------+----------------------------------+-----
Fighting       | 4 5 6 7 8 9 10 | 10.2
Axes           | 5 6 8 9 11 12 13 | 13.5
Armour         | 3 4 5 6 8 9 |  9.9
Dodging        | 3 4 5 6 7 8 9 |  9.0

Action                   |  1- 3 |  4- 6 |  7- 9 | 10-12 || total
-------------------------+-------+-------+-------+-------++-------
Melee: Hand axe          |    35 |   152 |   102 |       ||   289
       Headbutt          |     5 |    24 |    63 |    58 ||   150
       War axe           |       |       |   131 |   264 ||   395
       Scimitar          |       |       |    38 |       ||    38
Throw: Javelin           |       |       |       |    10 ||    10
Invok: Berserk           |     1 |     1 |     4 |     2 ||     8
       Burn Spellbooks   |       |       |       |     1 ||     1
 Abil: Evoke Blink       |       |       |       |     1 ||     1
  Use: Scroll            |       |       |     9 |     7 ||    16
       Potion            |       |       |     6 |       ||     6
 Stab: Invisible         |       |       |     2 |       ||     2
  Eat: Chunk             |       |    10 |    20 |    15 ||    45
       Bread ration      |       |       |       |     1 ||     1
Armor: Chain mail        |     6 |    66 |   116 |   158 ||   346
       Animal skin       |     3 |       |       |       ||     3
Dodge: Dodged            |     9 |    78 |   137 |   151 ||   375
Block: Other             |       |     4 |    19 |       ||    23
       Rpst.: Scimitar   |       |       |     8 |       ||     8

Table legend:
 A = Spawn XP
 B = Non-spawn XP
 C = Spawn XP percentage of total XP
 D = Spawn monster count
 E = Non-spawn monster count
 F = Spawn count percentage of total count
 G = Total turns spent on level
                    A         B        C        D         E        F      G
               +---------+---------+-------+---------+---------+-------+---------
         Total |       0 |   14296 |   0.0 |       0 |     253 |   0.0 | 10480
               +---------+---------+-------+---------+---------+-------+---------
           D:1 |       0 |      10 |   0.0 |       0 |       8 |   0.0 |   786
           D:2 |       0 |     290 |   0.0 |       0 |      23 |   0.0 |   908
           D:3 |       0 |      80 |   0.0 |       0 |      27 |   0.0 |   806
           D:4 |       0 |     647 |   0.0 |       0 |      26 |   0.0 |  1533
           D:5 |       0 |     398 |   0.0 |       0 |      12 |   0.0 |   886
           D:6 |       0 |     680 |   0.0 |       0 |      22 |   0.0 |   639
           D:7 |       0 |    1927 |   0.0 |       0 |      15 |   0.0 |   885
           D:8 |       0 |    2085 |   0.0 |       0 |      47 |   0.0 |  1317
           D:9 |       0 |    3005 |   0.0 |       0 |      36 |   0.0 |  1087
          D:10 |       0 |    3456 |   0.0 |       0 |      19 |   0.0 |  1513
          D:11 |       0 |    1656 |   0.0 |       0 |      16 |   0.0 |   110
         IceCv |       0 |      62 |   0.0 |       0 |       2 |   0.0 |    10
               +---------+---------+-------+---------+---------+-------+---------
